[Event "Titled Tuesday Blitz July 13 2021"]
[White "Carlsson, Ludvig"]
[Black "Darini, Pouria"]
[WhiteFideId "1727010"]
[BlackFideId "12502200"]
[WhiteElo "2147"]
[BlackElo "2489"]
[Result "0-1"]
[Round "02"]
[TimeControl "180+1"]
[Date "2021.07.13"]
[WhiteClock "0:00:07"]
[BlackClock "0:00:20"]

1. e4 c5 2. Nf3 d6 3. c3 Nf6 4. Be2 Nbd7 5. d3 b6 6. O-O Bb7 7. Re1 g6 8. Bf1 Bg7 9. Bg5 O-O 10. Qc1 e5 11. a4 a6 12. Nbd2 Qc7 13. Nc4 d5 14. Ncd2 Rfe8 15. Qc2 h6 16. Bxf6 Nxf6 17. c4 d4 18. g3 a5 19. Bg2 Bf8 20. b3 Bd6 21. Nh4 Bc8 22. Qd1 Bd7 23. Qe2 Nh7 24. Qf1 Rad8 25. Bh3 h5 26. Bxd7 Rxd7 27. Qh3 Ng5 28. Qg2 Ne6 29. Qf3 Be7 30. Ng2 Ng5 31. Qe2 Bd6 32. h4 Ne6 33. Qf3 Kg7 34. Qe2 Rh8 35. Nf3 f6 36. Kh2 Kf8 37. Rh1 Rf7 38. Rae1 Ke7 39. Kg1 Kd8 40. Kf1 Qd7 41. Rd1 Qc6 42. Ke1 Rhf8 43. Nd2 f5 44. Rf1 f4 45. Nf3 Qd7 46. Kd2 Rf6 47. Kc2 Qf7 48. Nge1 Kc7 49. Qd2 Qe7 50. Qe2 R8f7 51. Kb2 Qf8 52. Kc2 Qg7 53. Kb2 Rf8 54. Kc2 R6f7 55. Rd2 Be7 56. Rd1 Kd6 57. Kd2 Rf6 58. Kc2 R8f7 59. Kb2 Qh8 60. Kc2 Bf8 61. Nxe5 Kxe5 62. Nf3+ Kd6 63. e5+ Kc7 64. exf6 Rxf6 65. Qe5+ Bd6 66. Qd5 Qf8 67. Rde1 Nd8 68. gxf4 Nc6 69. Nd2 Nb4+ 70. Kb2 Nxd5 71. cxd5 Rxf4 72. Ne4 Qf5 73. f3 Qxd5 74. Nd2 Rxh4 75. Rf2 Rh2 76. Rxh2 Bxh2 77. Re7+ Kd8 78. Rg7 Qe5 79. Rxg6 Qe2 80. Kc2 Bf4 81. Rg8+ Ke7 82. Rg7+ Kf6 83. Rg2 Qxg2 0-1


[Site "https://www.chess.com"]

[Event "Titled Tuesday Blitz July 13 2021"]
[White "Chen, Max"]
[Black "Khanin, Semen"]
[WhiteFideId "2622440"]
[BlackFideId "4111990"]
[WhiteElo "2481"]
[BlackElo "2521"]
[Result "0-1"]
[Round "02"]
[TimeControl "180+1"]
[Date "2021.07.13"]
[WhiteClock "0:00:29"]
[BlackClock "0:00:28"]

1. e4 c5 2. c3 d5 3. exd5 Qxd5 4. d4 Nc6 5. Nf3 Bf5 6. Be3 e6 7. dxc5 Qxd1+ 8. Kxd1 Nf6 9. Bb5 Ng4 10. b4 Nxe3+ 11. fxe3 O-O-O 12. Ke2 g5 13. Nbd2 Bg7 14. Rac1 h6 15. Nd4 Bg4+ 16. Kf2 Ne5 17. h3 Bh5 18. N2f3 Nxf3 19. gxf3 Bg6 20. Ke2 e5 21. Nb3 e4 22. fxe4 Bxe4 23. Rhf1 f5 24. Nd4 Bxd4 25. cxd4 h5 26. Bd3 Bxd3+ 27. Kxd3 Rdf8 28. d5 g4 29. h4 Rhg8 30. d6 g3 31. b5 Kd7 32. Kd4 Ke6 33. Rf4 b6 34. cxb6 axb6 35. Rc6 g2 0-1


[Site "https://www.chess.com"]

[Event "Titled Tuesday Blitz July 13 2021"]
[White "Concio, Michael Jr."]
[Black "Daianu, Cristian-Clement"]
[WhiteFideId "5217873"]
[BlackFideId "1208926"]
[WhiteElo "1896"]
[BlackElo "2133"]
[Result "1/2-1/2"]
[Round "02"]
[TimeControl "180+1"]
[Date "2021.07.13"]
[WhiteClock "0:00:16"]
[BlackClock "0:00:20"]

1. e4 c5 2. c4 Nc6 3. Nc3 e6 4. Nge2 Nf6 5. g3 d5 6. exd5 exd5 7. cxd5 Nxd5 8. Bg2 Nxc3 9. bxc3 Be7 10. O-O O-O 11. h3 Qc7 12. d4 cxd4 13. cxd4 Rd8 14. Bb2 Bf6 15. Qd2 Be6 16. Rfd1 Bd5 17. Bxd5 Rxd5 18. Nf4 Rd7 19. d5 Bxb2 20. Qxb2 Ne5 21. Rac1 Qd6 22. Kg2 Ng6 23. Ne2 Rad8 24. Nc3 Qe5 25. Qb3 h5 26. h4 Qf5 27. Qb1 Qg4 28. Qe4 Nxh4+ 29. Kh2 Nf3+ 30. Kg2 Nh4+ 31. Kh2 Qxe4 32. Nxe4 Ng6 33. d6 f6 34. Rc7 Nf8 35. Rdc1 Kf7 36. Nc5 Rxc7 37. dxc7 Rc8 38. Nxb7 Ke7 39. Na5 Kd7 40. Rc5 Rxc7 41. Rxh5 Ke7 42. Kg2 Kf7 43. Rb5 Ne6 44. Rb2 Nd4 45. Rd2 Nf5 46. Nb3 Ne7 47. g4 Ng6 48. Nd4 Ne5 49. Kg3 Rc3+ 50. f3 Ra3 51. Kf4 g6 52. Ke4 Ra4 53. g5 Nc6 54. gxf6 Kxf6 55. Kd5 Nxd4 56. Rxd4 Rxd4+ 57. Kxd4 Kf5 58. Ke3 g5 59. Ke2 Kf4 60. Kf2 a5 61. a4 Kf5 62. Ke2 Kf4 63. Kf2 Kf5 64. Kg3 Kg6 65. Kg4 Kf6 66. f4 gxf4 67. Kxf4 Ke6 68. Ke4 Kd6 69. Kd4 Kc6 70. Kc4 Kb6 71. Kd5 Kb7 72. Kc5 Ka7 73. Kb5 Ka8 74. Kxa5 Kb8 75. Kb6 Ka8 76. a5 Kb8 77. a6 Ka8 78. a7 1/2-1/2


[Site "https://www.chess.com"]

[Event "Titled Tuesday Blitz July 13 2021"]
[White "Csonka, Balazs"]
[Black "Nasyrova, Ekaterina"]
[WhiteFideId "742910"]
[BlackFideId "44157797"]
[WhiteElo "2404"]
[BlackElo "2115"]
[Result "1-0"]
[Round "02"]
[TimeControl "180+1"]
[Date "2021.07.13"]
[WhiteClock "0:00:35"]
[BlackClock "0:01:46"]

1. d4 d5 2. Nf3 Nf6 3. Bf4 e6 4. e3 Bd6 5. Nbd2 Bxf4 6. exf4 O-O 7. Bd3 Nbd7 8. O-O c5 9. c3 c4 10. Bc2 b5 11. Re1 Re8 12. Ne5 Bb7 13. Ndf3 h6 14. Nxd7 Nxd7 15. Ne5 a5 16. Qh5 Nxe5 17. Rxe5 b4 18. Rae1 a4 19. cxb4 a3 20. bxa3 Rxa3 21. f5 Qf6 22. fxe6 Rxe6 23. Rxe6 fxe6 24. Qe8+ Qf8 25. Bh7+ 1-0


[Site "https://www.chess.com"]

[Event "Titled Tuesday Blitz July 13 2021"]
[White "Cunha, Lucas Aguiar"]
[Black "Torkkola, Henri"]
[WhiteFideId "2125404"]
[BlackFideId "507660"]
[WhiteElo "2361"]
[BlackElo "2137"]
[Result "1-0"]
[Round "02"]
[TimeControl "180+1"]
[Date "2021.07.13"]
[WhiteClock "0:00:20"]
[BlackClock "0:00:04"]

1. e4 d6 2. d4 Nf6 3. Nc3 e5 4. Nf3 Nbd7 5. Bc4 Be7 6. Ng5 O-O 7. Bxf7+ Rxf7 8. Ne6 Qe8 9. Nxc7 Qd8 10. Nxa8 exd4 11. Qxd4 Ne5 12. Qxa7 d5 13. O-O Nxe4 14. Nxe4 dxe4 15. Be3 Bd6 16. Qd4 Nf3+ 17. gxf3 Bxh2+ 18. Kxh2 Qh4+ 19. Kg1 Bh3 20. Rfd1 Qh5 21. Qd8+ Rf8 22. Qd5+ Qxd5 23. Rxd5 exf3 24. Nc7 Rf6 25. Rg5 h6 26. Rg3 Bg2 27. Nd5 Rf5 28. Ne7+ 1-0


[Site "https://www.chess.com"]

[Event "Titled Tuesday Blitz July 13 2021"]
[White "Cunjalo, Faris"]
[Black "Weinstein, Norman"]
[WhiteFideId "14410710"]
[BlackFideId "2000466"]
[WhiteElo "2234"]
[BlackElo "2543"]
[Result "1-0"]
[Round "02"]
[TimeControl "180+1"]
[Date "2021.07.13"]
[WhiteClock "0:00:30"]
[BlackClock "0:00:01"]

1. c4 c5 2. Nf3 Nf6 3. Nc3 g6 4. e3 Bg7 5. d4 O-O 6. Be2 d5 7. dxc5 dxc4 8. O-O Qa5 9. Bxc4 Qxc5 10. Be2 Nc6 11. Qa4 Qb4 12. Qxb4 Nxb4 13. a3 Nc6 14. Bd2 Be6 15. b4 Rfd8 16. Rfc1 Rac8 17. Be1 a6 18. h3 Nd5 19. Ng5 Nxc3 20. Bxc3 Bxc3 21. Rxc3 Nd4 22. Rxc8 Nxe2+ 23. Kf1 Ng3+ 24. fxg3 Bxc8 25. Ke2 h6 26. Nf3 Be6 27. Rc1 Rc8 28. Rxc8+ Bxc8 29. Kd3 Kg7 30. Kd4 b6 31. Ne5 Bb7 32. e4 f5 33. exf5 gxf5 34. Nd7 Bxg2 35. h4 Kg6 36. Ke5 Bc6 37. Nxb6 Be4 38. Nc8 Kf7 39. Nb6 Kg6 40. Nc4 Kh5 41. Ne3 Kg6 42. a4 Bc6 43. Nxf5 Bxa4 44. Nxe7+ Kf7 45. Nf5 h5 46. Nd4 Bd1 47. Ne6 Ke7 48. Nc5 Be2 49. Ne4 Kd7 50. Kd5 Bf3 51. Kd4 Kc6 52. Nc3 Kd6 53. Na4 Kc6 54. Nc5 Kb5 55. Nd3 Be2 56. Nf4 Bd1 57. Kc3 Bg4 58. Nd5 Be6 59. Ne3 Kc6 60. Ng2 Kd6 61. Kd4 Kc6 62. Nf4 Bg4 63. Nd3 Kb5 64. Kc3 Be2 65. Ne5 Bd1 66. Nc4 Be2 67. Nd6+ Kc6 68. Ne4 Kb5 69. Kb3 Bd1+ 70. Ka3 Bg4 71. Nf6 Bf3 72. Nd7 a5 73. bxa5 Kxa5 74. Kb3 Kb5 75. Kc3 Bd1 76. Kd4 Kc6 77. Ne5+ Kd6 78. Ke4 Ke6 79. Kf4 Kf6 80. Nf3 Bxf3 81. Kxf3 Kf5 82. Ke3 Ke5 83. Kd3 Kd5 84. Ke2 Ke4 85. Kf2 Ke5 86. Ke3 Ke6 87. Ke2 1-0


[Site "https://www.chess.com"]

[Event "Titled Tuesday Blitz July 13 2021"]
[White "Dan-Lowes"]
[Black "Oliveira, Silvio Eduardo"]
[BlackFideId "2111560"]
[WhiteElo "2266"]
[BlackElo "2302"]
[Result "1-0"]
[Round "02"]
[TimeControl "180+1"]
[Date "2021.07.13"]
[WhiteClock "0:00:22"]
[BlackClock "0:00:03"]

1. e4 e5 2. Nf3 Nc6 3. d4 exd4 4. Nxd4 Nf6 5. Nxc6 bxc6 6. e5 Qe7 7. Qe2 Nd5 8. c4 Ba6 9. Nd2 g6 10. Nf3 Bg7 11. Bg5 Qb4+ 12. Qd2 Qxd2+ 13. Bxd2 Nb6 14. b3 d5 15. cxd5 Bxf1 16. Kxf1 cxd5 17. Rc1 Kd7 18. Rc5 Rhe8 19. Bf4 c6 20. a4 h6 21. h4 Bf8 22. Rc2 c5 23. a5 Nc8 24. Rh3 Re6 25. Nd2 Ra6 26. Rd3 Ke6 27. b4 c4 28. Rf3 Bxb4 29. Bxh6 Be7 30. Rf4 Rxa5 31. Nf3 Ra1+ 32. Ke2 Rb8 33. Bg5 Rbb1 34. Bxe7 Kxe7 35. Ng5 Re1+ 36. Kf3 Ra3+ 37. Kg4 Rxe5 38. Rxf7+ Ke8 39. Rc7 Nd6 40. Rb2 Rb3 41. Ra2 Nb5 42. Rc5 c3 43. Ra6 Rb4+ 44. f4 Re2 45. Rxg6 Rxg2+ 46. Kf5 Rf2 47. Ke6 Re2+ 48. Kxd5 Rd4+ 49. Kc6 Nd6 50. Rxd6 Rxd6+ 51. Kxd6 Re3 52. Ne6 Kf7 53. Rc7+ Kf6 54. Nd4 Rd3 55. Kd5 a5 56. Rc6+ Kf7 57. Ke4 Rh3 58. Rc5 a4 59. Ra5 Rxh4 60. Rxa4 Rh2 61. Rc4 Rd2 62. Nb5 c2 63. Nd4 Rh2 64. Rxc2 Rh1 65. Rc6 Ke7 66. Rc7+ Kd6 67. Rc3 Kd7 68. Rc5 Re1+ 69. Kd5 Rh1 70. f5 Rh5 71. Ra5 Rg5 72. Ra7+ Kc8 73. Ke6 Rg1 74. f6 Kd8 75. Nc6+ Kc8 76. Rg7 Re1+ 77. Kf7 Kd7 78. Ne7 Rf1 79. Ng8 Ra1 80. Kg6+ Ke6 81. Re7+ Kd6 82. Re2 Rg1+ 83. Kf7 Ra1 84. Kf8 Ra8+ 85. Kg7 Ra1 86. f7 Rg1+ 87. Kf8 Ra1 88. Nf6 Ra8+ 89. Ne8+ Kd7 90. Kg8 1-0


[Site "https://www.chess.com"]

[Event "Titled Tuesday Blitz July 13 2021"]
[White "De Silva, L M S T"]
[Black "Warchol, Kamil"]
[WhiteFideId "9953698"]
[BlackFideId "21858241"]
[WhiteElo "1621"]
[BlackElo "1694"]
[Result "1-0"]
[Round "02"]
[TimeControl "180+1"]
[Date "2021.07.13"]
[WhiteClock "0:00:16"]
[BlackClock "0:00:01"]

1. e4 c5 2. Nf3 d6 3. Bb5+ Nd7 4. Ba4 a6 5. c4 Nf6 6. O-O e6 7. Re1 Be7 8. d4 cxd4 9. Qxd4 O-O 10. Nc3 Qc7 11. Bg5 Ne5 12. Nxe5 dxe5 13. Qd3 h6 14. Bh4 Rd8 15. Qe2 b6 16. Bc2 Bb7 17. Bg3 Rac8 18. Bb3 Nd7 19. Rac1 Bg5 20. Rcd1 Be7 21. Qh5 Bf8 22. Ba4 g6 23. Qf3 Nb8 24. Qf6 Bg7 25. Qh4 Nc6 26. Bxc6 Bxc6 27. f3 g5 28. Qg4 Qe7 29. h4 f6 30. hxg5 hxg5 31. Bf2 Rxd1 32. Rxd1 Rb8 33. Ne2 Be8 34. Be3 b5 35. c5 Rc8 36. Ng3 Rc6 37. b4 Bg6 38. Kf2 Qe8 39. Rh1 Bf7 40. Nh5 Bxh5 41. Rxh5 Qg6 42. Rh1 Qe8 43. Qh3 Qg6 44. Rd1 Qe8 45. Rd2 Bf8 46. Qh1 Rc8 47. Qd1 Be7 48. Rd7 Rd8 49. c6 Rxd7 50. cxd7 Qd8 51. Bc5 Bf8 52. a3 Kf7 53. Kg3 Kg7 54. Bxf8+ Kxf8 55. Qd6+ Kf7 56. Kg4 Qh8 57. f4 Qh4+ 58. Kf3 Qxf4+ 59. Ke2 Qxe4+ 60. Kd1 Qb1+ 61. Kd2 Qb2+ 62. Ke1 Qc1+ 63. Kf2 Qc2+ 64. Kg1 Qc1+ 65. Kf2 Qc2+ 66. Kg3 Qc3+ 67. Kh2 Qe3 68. d8=Q Qf4+ 69. Kg1 Qe3+ 70. Kf1 Qc1+ 71. Ke2 Qc2+ 72. Qd2 Qe4+ 73. Qe3 Qc2+ 74. Qdd2 Qc4+ 75. Kf2 Qg4 76. Qf3 Qh4+ 77. Kg1 1-0


[Site "https://www.chess.com"]

[Event "Titled Tuesday Blitz July 13 2021"]
[White "Djordjevic, Vuk"]
[Black "Gabdushev, Ruslan"]
[WhiteFideId "902098"]
[BlackFideId "4137833"]
[WhiteElo "2463"]
[BlackElo "2312"]
[Result "1-0"]
[Round "02"]
[TimeControl "180+1"]
[Date "2021.07.13"]
[WhiteClock "0:00:14"]
[BlackClock "0:00:01"]

1. d4 Nc6 2. Nf3 d6 3. e4 Bg4 4. Be3 Nf6 5. Nc3 e6 6. Be2 d5 7. e5 Nd7 8. O-O Be7 9. Ne1 Bxe2 10. Nxe2 O-O 11. f4 f6 12. Nf3 Nb6 13. exf6 Bxf6 14. c3 Nc4 15. Bc1 Ne7 16. Qd3 Nf5 17. g4 Nfd6 18. Ng3 Bh4 19. b3 Bxg3 20. hxg3 Nb6 21. Ba3 h6 22. Rae1 Qf6 23. g5 Qf5 24. Qxf5 exf5 25. gxh6 gxh6 26. Re6 Kg7 27. Bxd6 cxd6 28. Rxd6 Rac8 29. Rc1 Rf6 30. Nh4 Rc6 31. Rd8 Rc8 32. Rxc8 Nxc8 33. Re1 Kf7 34. Re5 Ne7 35. c4 dxc4 36. bxc4 Ra6 37. Nxf5 Ng6 38. Nxh6+ Kg7 39. Rh5 Rxa2 40. Nf5+ Kf6 41. Ne3 Ne7 42. g4 1-0


[Site "https://www.chess.com"]

[Event "Titled Tuesday Blitz July 13 2021"]
[White "FGHSMN"]
[Black "Aradhya, Garg"]
[BlackFideId "25006746"]
[WhiteElo "2482"]
[BlackElo "2146"]
[Result "1-0"]
[Round "02"]
[TimeControl "180+1"]
[Date "2021.07.13"]
[WhiteClock "0:00:20"]
[BlackClock "0:00:13"]

1. e4 e5 2. f4 Bc5 3. Nf3 d6 4. c3 Nf6 5. d4 Bb6 6. fxe5 dxe5 7. Nxe5 O-O 8. Bd3 c5 9. Nf3 cxd4 10. cxd4 Bg4 11. O-O Nc6 12. Kh1 Bxf3 13. Qxf3 Qxd4 14. Qe2 Rad8 15. Bc2 Nb4 16. Nc3 Nxc2 17. Qxc2 Qd3 18. Qxd3 Rxd3 19. Bg5 Ng4 20. h3 h6 21. Bf4 Nf6 22. Rad1 Rfd8 23. e5 Nh5 24. Bh2 Rxd1 25. Rxd1 Rxd1+ 26. Nxd1 g6 27. g4 Ng7 28. Kg2 Kf8 29. Kf3 Ne6 30. b3 Ng5+ 31. Kg2 Ke7 32. Bf4 Ke6 33. h4 Ne4 34. Bxh6 Kxe5 35. h5 Nf6 36. Bg7 Ke6 37. h6 Nh7 38. Nc3 f5 39. gxf5+ gxf5 40. Nb5 Kd5 41. Kf3 a6 42. Nc3+ Ke6 43. Ne2 Ng5+ 44. Kf4 Nh7 45. Ng3 Bc7+ 46. Kf3 Ng5+ 47. Kg2 f4 48. Nh5 Kf5 49. Kf1 f3 50. Nf6 Kg6 51. Nd5 Bg3 52. Ne7+ Kh7 53. Nf5 Ne4 54. Nxg3 Nxg3+ 55. Kf2 Nf5 56. Kxf3 Nxg7 57. hxg7 Kxg7 58. Ke4 Kf6 59. Kd5 Ke7 60. Kc5 Kd7 61. Kb6 Kc8 62. Ka7 Kc7 63. b4 a5 64. b5 a4 65. a3 Kd6 66. Kxb7 Kd5 67. Ka6 Kc4 68. b6 Kb3 69. b7 Kxa3 70. b8=Q Ka2 71. Ka5 a3 72. Ka4 Ka1 73. Qe5+ Ka2 74. Qe2+ Kb1 75. Kb3 a2 76. Qe1# 1-0


[Site "https://www.chess.com"]

[Event "Titled Tuesday Blitz July 13 2021"]
[White "Florescu, Codrut-Constantin"]
[Black "Sjugirov, Sanan"]
[WhiteFideId "1202200"]
[BlackFideId "4189302"]
[WhiteElo "2243"]
[BlackElo "2472"]
[Result "0-1"]
[Round "02"]
[TimeControl "180+1"]
[Date "2021.07.13"]
[WhiteClock "0:00:11"]
[BlackClock "0:00:10"]

1. d4 Nf6 2. c4 e6 3. Nf3 d5 4. Bg5 Nbd7 5. e3 h6 6. Bf4 Be7 7. Nc3 c6 8. Bd3 O-O 9. O-O dxc4 10. Bxc4 b5 11. Bd3 a6 12. h3 Bb7 13. a4 b4 14. Ne4 c5 15. Nd6 Bc6 16. Ne5 Bxd6 17. Nxc6 Qc7 18. Bxd6 Qxd6 19. Na5 cxd4 20. Nc4 Qc7 21. exd4 Nb6 22. Ne5 Nbd5 23. Rc1 Qb7 24. Rc5 Nf4 25. f3 Rfd8 26. Bc4 Rac8 27. Rxc8 Qxc8 28. Re1 a5 29. Qd2 N4d5 30. Bb5 Ne7 31. Rc1 Qb7 32. Qf2 Qb6 33. Rc5 Qd6 34. Nc4 Qf4 35. Nxa5 Rxd4 36. Bf1 Rd2 37. Qe1 Qd4+ 38. Kh2 Rd1 39. Qe5 Qxe5+ 40. Rxe5 Rxf1 41. Nc4 Ra1 42. a5 Nfd5 43. Re4 Nc6 44. Nd6 Nxa5 45. Rd4 Rc1 46. Ne4 Nc6 47. Rd2 b3 48. Nd6 Rc2 49. Rd3 Rxg2+ 50. Kh1 Rxb2 51. Ne4 Ne5 52. Rd4 Nxf3 0-1


[Site "https://www.chess.com"]

[Event "Titled Tuesday Blitz July 13 2021"]
[White "Francis, Onkemetse"]
[Black "Flores Quillas, Diego Saul Rodri"]
[WhiteFideId "11301287"]
[BlackFideId "3822508"]
[WhiteElo "1745"]
[BlackElo "2071"]
[Result "0-1"]
[Round "02"]
[TimeControl "180+1"]
[Date "2021.07.13"]
[WhiteClock "0:00:12"]
[BlackClock "0:00:56"]

1. e4 c5 2. Nc3 Nc6 3. g3 g6 4. Bg2 Bg7 5. d3 d6 6. f4 e6 7. Nf3 Nge7 8. O-O O-O 9. Be3 Nd4 10. Qd2 b6 11. Nd1 Bb7 12. c3 Nxf3+ 13. Bxf3 Qd7 14. Nf2 f5 15. d4 fxe4 16. Bxe4 c4 17. Rad1 Nd5 18. Bg2 Rae8 19. Rfe1 b5 20. Ne4 a5 21. Bf2 a4 22. Ng5 h6 23. Nf3 Nf6 24. Nh4 Bxg2 25. Kxg2 Qf7 26. Re2 d5 27. h3 Ne4 28. Qe3 g5 29. fxg5 hxg5 30. Nf3 Qg6 31. Ne5 Bxe5 32. dxe5 Rf7 33. Rf1 Ref8 34. Qb6 g4 35. h4 Rf3 36. Qxb5 Qf5 37. Qb6 Rxg3+ 38. Bxg3 Qxf1+ 39. Kh2 Qh3+ 40. Kg1 Rf1# 0-1


[Site "https://www.chess.com"]

[Event "Titled Tuesday Blitz July 13 2021"]
[White "Gledura, Benjamin"]
[Black "De Waele, Warre"]
[WhiteFideId "712779"]
[BlackFideId "241156"]
[WhiteElo "2326"]
[BlackElo "2183"]
[Result "1-0"]
[Round "02"]
[TimeControl "180+1"]
[Date "2021.07.13"]
[WhiteClock "0:00:22"]
[BlackClock "0:00:17"]

1. Nf3 Nf6 2. c4 e6 3. b3 b6 4. Bb2 Bb7 5. e3 g6 6. Be2 Bg7 7. O-O O-O 8. d4 c5 9. Nbd2 cxd4 10. exd4 d5 11. Rc1 Nbd7 12. Re1 Rc8 13. Bf1 Re8 14. Ne5 dxc4 15. Ndxc4 Bf8 16. Qd2 Nd5 17. Nd3 N7f6 18. Rc2 Qc7 19. Rec1 Qb8 20. Nde5 Red8 21. a3 Ba8 22. Qg5 Be7 23. Qh6 Bf8 24. Qh3 Nf4 25. Qg3 N4d5 26. Qh4 Nd7 27. Ng4 h5 28. Nge5 Nxe5 29. dxe5 Be7 30. Qg3 b5 31. Nd6 Rxc2 32. Rxc2 a6 33. Bd3 Rxd6 34. exd6 Bxd6 35. Qh4 Be7 36. Qd4 Bf6 37. Qc5 Bxb2 38. Qc8+ Qxc8 39. Rxc8+ Kg7 40. Rxa8 Bxa3 41. Rxa6 b4 42. Bc4 Nf6 43. Ra7 Kf8 44. Kf1 Bb2 45. Ke2 Bc3 46. Kd3 Ng4 47. Ke2 Ne5 48. f4 Nc6 49. Rb7 Nd4+ 50. Kd3 Nf5 51. g3 Nh6 52. h3 Nf5 53. g4 hxg4 54. hxg4 Nh6 55. g5 Nf5 56. Rb8+ Ke7 57. Bb5 Nd6 58. Bc6 e5 59. fxe5 Bxe5 60. Rxb4 f6 61. gxf6+ Kxf6 62. Ra4 Ke7 63. b4 Kd8 64. Ra7 g5 65. Rd7+ Kc8 66. b5 Bf4 67. b6 Kb8 68. Rd8+ 1-0


[Site "https://www.chess.com"]

[Event "Titled Tuesday Blitz July 13 2021"]
[White "Gracia Alvarez, Gerardo Antonio"]
[Black "David, Alexandru-Vasile"]
[WhiteFideId "5109124"]
[BlackFideId "1223453"]
[WhiteElo "2148"]
[BlackElo "2393"]
[Result "0-1"]
[Round "02"]
[TimeControl "180+1"]
[Date "2021.07.13"]
[WhiteClock "0:00:00"]
[BlackClock "0:00:29"]

1. e4 c5 2. Nf3 e6 3. d4 cxd4 4. Nxd4 Nf6 5. Nc3 Nc6 6. a3 Be7 7. Be2 O-O 8. Be3 d5 9. exd5 Nxd5 10. Nxd5 Qxd5 11. Bf3 Qa5+ 12. Bd2 Qb6 13. Nxc6 bxc6 14. O-O Bf6 15. Be3 Qc7 16. c3 Ba6 17. Re1 Rfd8 18. Qa4 Bb5 19. Qg4 Rab8 20. Rad1 Bd3 21. Bf4 e5 22. Bg3 Rxb2 23. h4 h6 24. Re3 Bc2 25. Rde1 Rb1 26. Rxb1 Bxb1 27. Qc4 Qa5 28. Bxc6 Qxa3 29. Bd5 Bg6 30. Bxe5 Qc1+ 31. Kh2 Bxh4 32. Rf3 Qg5 33. Bxf7+ Kh8 34. Bxg6 Qxe5+ 35. g3 Bf6 36. Bb1 a5 37. Qf7 Qg5 38. Qe6 Qd5 39. Qg4 Qg5 40. Qe6 a4 41. Rf5 Qg6 42. Rd5 Qxb1 0-1


[Site "https://www.chess.com"]

[Event "Titled Tuesday Blitz July 13 2021"]
[White "Gupta, Abhijeet"]
[Black "Golubev, Mikhail"]
[WhiteFideId "5010608"]
[BlackFideId "14100983"]
[WhiteElo "2549"]
[BlackElo "2374"]
[Result "0-1"]
[Round "02"]
[TimeControl "180+1"]
[Date "2021.07.13"]
[WhiteClock "0:01:00"]
[BlackClock "0:00:19"]

1. d4 Nf6 2. c4 g6 3. Nc3 Bg7 4. e4 d6 5. f3 O-O 6. Nge2 a6 7. Be3 Nbd7 8. Qd2 b5 9. Bh6 b4 10. Nd5 Bxh6 11. Nxf6+ Kg7 12. Nh5+ gxh5 13. f4 e5 14. g3 Qf6 15. O-O-O exd4 16. Nxd4 Nc5 17. Bg2 Rb8 18. Bf3 b3 19. a3 Kg8 20. Kb1 Re8 21. Rhe1 Bg7 22. Qf2 Bb7 23. e5 dxe5 24. fxe5 Rxe5 25. Rxe5 Qxe5 26. Bxb7 Rxb7 27. Nc6 Qe4+ 28. Ka1 Qxc6 29. Rd8+ Bf8 30. Qe1 Ne6 31. Rd5 Qxc4 32. Rxh5 Bxa3 33. Qd2 Be7 0-1


[Site "https://www.chess.com"]

[Event "Titled Tuesday Blitz July 13 2021"]
[White "Guzman Moneo, Alberto"]
[Black "Hryshchenko, Kamila"]
[WhiteFideId "2209616"]
[BlackFideId "14147491"]
[WhiteElo "2157"]
[BlackElo "1966"]
[Result "1/2-1/2"]
[Round "02"]
[TimeControl "180+1"]
[Date "2021.07.13"]
[WhiteClock "0:00:15"]
[BlackClock "0:00:18"]

1. e4 d5 2. exd5 Qxd5 3. Nc3 Qe5+ 4. Be2 Bg4 5. d4 Bxe2 6. Ngxe2 Qa5 7. O-O Nf6 8. Bd2 Nc6 9. Ne4 Qf5 10. N2g3 Qd5 11. Nxf6+ gxf6 12. Be3 h5 13. c4 Qxc4 14. d5 Nb4 15. Rc1 Qxd5 16. Rxc7 h4 17. Ne2 e6 18. Qxd5 Nxd5 19. Rxb7 Nxe3 20. fxe3 Rh6 21. Rc1 Bd6 22. Nd4 Be5 23. Nc6 Bxb2 24. Rxb2 Rc8 25. Rb8 Rxb8 26. Nxb8 h3 27. Rc8+ Ke7 28. g3 Rh5 29. Rc7+ Ke8 30. Nc6 Rc5 31. g4 Rc2 32. a4 a5 33. e4 Kf8 34. Rc8+ Kg7 35. Na7 Rg2+ 36. Kh1 Rxg4 37. Rc3 Rxe4 38. Rxh3 Rxa4 39. Rg3+ Kh6 40. Nc6 f5 41. Nd8 f4 42. Nxf7+ Kh5 43. Rg5+ Kh4 44. Rg7 f3 45. Kg1 Ra2 46. Kf1 Rxh2 47. Ne5 Rh3 48. Kf2 Rh2+ 49. Kxf3 Rb2 50. Kf4 Rb4+ 51. Kf3 a4 52. Rg1 a3 53. Nd3 Rb3 54. Ke4 Kh3 55. Ra1 Kg2 56. Ra2+ Kg3 57. Kd4 Kf3 58. Kc4 Rb8 59. Rxa3 Ke4 60. Nc5+ Kf5 61. Ra7 Re8 62. Ra1 Rd8 63. Rf1+ Ke5 64. Re1+ Kf6 65. Rxe6+ Kf5 66. Re1 Rd2 67. Rc1 Rh2 68. Rc3 Ke5 69. Kb3 Rh4 70. Nd3+ Kd5 71. Nb4+ Kd6 72. Nc2 Kd5 73. Na3 Kd6 74. Nb1 Kd5 75. Nd2 Kd6 76. Nc4+ Kd5 77. Nb6+ Kd6 78. Nc8+ Kd7 79. Na7 Kd6 80. Nb5+ Kd5 81. Rc8 Rh3+ 82. Rc3 Rxc3+ 83. Nxc3+ 1/2-1/2


[Site "https://www.chess.com"]

[Event "Titled Tuesday Blitz July 13 2021"]
[White "Hansen, Sune Berg"]
[Black "Nathan, Nitish"]
[WhiteFideId "1400266"]
[BlackFideId "30927870"]
[WhiteElo "2597"]
[BlackElo "2229"]
[Result "1-0"]
[Round "02"]
[TimeControl "180+1"]
[Date "2021.07.13"]
[WhiteClock "0:01:10"]
[BlackClock "0:01:39"]

1. e4 c5 2. Nc3 Nc6 3. Bb5 g6 4. Bxc6 dxc6 5. d3 Bg7 6. Be3 b6 7. Qd2 e5 8. Nge2 Ne7 9. Bh6 O-O 10. h4 f5 11. h5 f4 12. Bxg7 Kxg7 13. hxg6 hxg6 14. O-O-O Bg4 15. f3 Be6 16. g3 g5 17. gxf4 exf4 18. Rdg1 Ng6 19. Rh5 g4 20. fxg4 Rh8 21. Nxf4 Nxf4 22. Qxf4 Qf6 23. Ne2 Qxf4+ 24. Nxf4 Bf7 25. Rf5 Rh2 26. b3 a5 27. Rg2 Rh1+ 28. Kb2 a4 29. Nh5+ Kg8 30. Nf6+ Kg7 31. Nh5+ Kg8 32. Rgf2 Ra7 33. Rg5+ Kf8 34. e5 axb3 35. axb3 Ke8 36. Ng7+ Kf8 37. e6 Rh7 38. Nh5 Ke8 39. Nf6+ Kf8 40. Nxh7+ Ke7 41. Rxf7+ 1-0


[Site "https://www.chess.com"]

[Event "Titled Tuesday Blitz July 13 2021"]
[White "Horak, Martin"]
[Black "Matveev, Vladimir"]
[WhiteFideId "367095"]
[BlackFideId "24130753"]
[WhiteElo "1997"]
[BlackElo "2354"]
[Result "0-1"]
[Round "02"]
[TimeControl "180+1"]
[Date "2021.07.13"]
[WhiteClock "0:00:06"]
[BlackClock "0:00:21"]

1. e4 c5 2. Nf3 d6 3. Bb5+ Nd7 4. O-O Nf6 5. Re1 a6 6. Bd3 e5 7. c3 Be7 8. Bc2 O-O 9. d4 b5 10. a4 Bb7 11. Nbd2 Re8 12. Nf1 Bf8 13. Ng3 cxd4 14. cxd4 b4 15. Nf5 exd4 16. Qxd4 Nc5 17. Bg5 Ne6 18. Qxb4 Rb8 19. Bxf6 Qxf6 20. Qc3 Qxc3 21. bxc3 Nc5 22. Ng3 g6 23. Nd4 Bg7 24. Rab1 Ne6 25. Nge2 Ba8 26. Nxe6 fxe6 27. Nd4 Kf7 28. f3 d5 29. exd5 Bxd5 30. Be4 Rxb1 31. Rxb1 Rc8 32. Bxd5 exd5 33. Rb7+ Kg8 34. Ne6 Bxc3 35. Rc7 Re8 36. Rxc3 Rxe6 37. Kf2 Kf7 38. Rc7+ Re7 39. Rxe7+ Kxe7 40. Ke3 Kd6 41. Kd4 g5 42. g3 a5 43. h3 h6 44. h4 gxh4 45. gxh4 h5 46. f4 Ke6 47. Kc5 Kf5 48. Kxd5 Kxf4 49. Kc5 Kg4 50. Kb5 Kxh4 51. Kxa5 Kg3 52. Kb6 h4 53. a5 h3 54. a6 h2 55. a7 h1=Q 0-1


[Site "https://www.chess.com"]

[Event "Titled Tuesday Blitz July 13 2021"]
[White "Huynh, Ngoc Thuy Linh"]
[Black "Rustemov, Alexander"]
[WhiteFideId "12403334"]
[BlackFideId "4119002"]
[WhiteElo "1780"]
[BlackElo "2760"]
[Result "0-1"]
[Round "02"]
[TimeControl "180+1"]
[Date "2021.07.13"]
[WhiteClock "0:00:17"]
[BlackClock "0:00:05"]

1. c4 e6 2. g3 d5 3. Bg2 Nf6 4. Nf3 dxc4 5. Qa4+ Nbd7 6. Qxc4 a6 7. O-O b5 8. Qc2 Bb7 9. b3 c5 10. Bb2 Be7 11. Rd1 Rc8 12. a4 O-O 13. axb5 axb5 14. d3 Qb6 15. Nbd2 Rfd8 16. Ne5 Bxg2 17. Kxg2 Qb7+ 18. Ndf3 Nxe5 19. Bxe5 Nd5 20. e4 Nb4 21. Qe2 f6 22. Bc3 Nc6 23. d4 cxd4 24. Nxd4 Nxd4 25. Bxd4 Ra8 26. f3 Kf7 27. Bf2 Rxd1 28. Rxd1 Qc6 29. Qb2 Rc8 30. Qe2 Qc2 31. Rd2 Qxb3 32. Rb2 Qc4 33. Qxc4 bxc4 34. Rc2 Bb4 35. Kf1 f5 36. Ke2 fxe4 37. fxe4 e5 38. Rb2 Ba3 39. Rc2 Ke6 40. Be1 Kd6 41. Ra2 Bc5 42. Ra6+ Rc6 43. Ra8 Bd4 44. Bb4+ Kc7 45. Rg8 c3 46. Rxg7+ Kb6 47. Ba3 Kb5 48. Rb7+ Ka4 49. Bc1 Rb6 50. Rxh7 Kb3 51. Kd1 c2+ 52. Kd2 Bc3+ 53. Ke2 Rd6 54. Rb7+ Ka2 55. h4 Rd1 56. Be3 Re1+ 57. Kf2 Rxe3 58. Ra7+ Kb3 59. Rb7+ Bb4 60. Kxe3 c1=Q+ 61. Kf3 Qf1+ 62. Kg4 Qe2+ 63. Kf5 Qf3+ 64. Kxe5 Qxg3+ 65. Kd5 Qxh4 66. Rb6 Qf2 67. Rc6 Qd2+ 68. Ke6 Bc3 69. e5 Qg2 70. Rc5 Qg6+ 71. Kd5 Qf7+ 72. e6 Qf5+ 73. Kd6 Bb4 0-1


[Site "https://www.chess.com"]